AoeStats
← Princesa de la FIFA

African Clearing

506573783Analyzed
4v4 RM · 19d ago on Sep 14, 2026· 45m 49s· 8 players
Game mode
Random Map
Map size
Large (8 player)
Population
200
Speed
Normal
Resources
Standard
Victory
Conquest
Starting age
Dark Age
Ending age
Imperial Age
RankedLock teamsTeams togetherTeam positionsShared explorationLock speedFull tech treeHidden civsTurbo modeCheats
Victory
Defeat
🇨🇳 Khmer · China
1399
+12
🇵🇪 Mongols · Peru
1335
+15
🇵🇪 Goths · Peru
1333
+15
🇨🇳 Celts · China
1313
+16
🇲🇽 Khitans · Mexico
1383
-18
🇲🇽 Georgians · Mexico
1342
-16
🇪🇨 Vietnamese · Ecuador
1307
-14
🇦🇷 Bulgarians · Argentina
1204
-10
Comend x comend
3:19 Loom
14:31 Feudal Age
19:09 Castle Age
17:34 Double-Bit Axe
19:55 Pikeman
20:26 Man-at-Arms
27:49 Long Swordsman
30:37 Squires
32:51 Bow Saw
33:20 Wheelbarrow
32:58 Gold Mining
32:59 Stone Mining
33:15 Horse Collar
36:06 Town Watch
36:37 Hand Cart
41:08 Imperial Age
39:25 Heavy Plow
39:29 Anarchy
41:36 Forging
41:26 Scale Mail Armor
41:49 Perfusion
41:23 Elite Huskarl
43:33 Crop Rotation
45:36 Two-Man Saw
44:00 Halberdier
chr0rk
7:12 Loom
12:36 Feudal Age
13:52 Double-Bit Axe
16:39 Fletching
17:55 Padded Archer Armor
21:04 Castle Age
19:58 Horse Collar
21:20 Crossbowman
23:57 Ballistics
23:59 Bodkin Arrow
39:00 Leather Archer Armor
43:54 Gold Mining
44:15 Bow Saw
D哥
11:55 Feudal Age
12:36 Double-Bit Axe
14:05 Loom
27:05 Castle Age
25:21 Horse Collar
26:38 Bloodlines
27:16 Gold Mining
28:00 Bow Saw
28:12 Heavy Plow
30:11 Forging
31:17 Scale Barding Armor
35:07 Wheelbarrow
35:53 Gold Shaft Mining
35:16 Stone Mining
37:06 Stone Shaft Mining
37:20 Hand Cart
40:46 Imperial Age
41:11 Town Watch
41:59 Conscription
43:01 Ballistics
43:41 Chemistry
44:38 Crop Rotation
45:20 Double Crossbow
45:30 Husbandry
46:34 Iron Casting
46:22 Chain Barding Armor
野象
6:26 Loom
15:26 Feudal Age
13:42 Loom
16:03 Double-Bit Axe
19:07 Castle Age
19:48 Gold Mining
20:12 Bow Saw
22:11 Horse Collar
22:55 Town Watch
25:59 Pikeman
34:17 Imperial Age
35:05 Heavy Scorpion
35:09 Halberdier
35:50 Capped Ram
38:40 Furor Celtica
41:09 Chemistry
40:31 Ballistics
41:52 Treadmill Crane
43:25 Siege Ram
Princesa de la FIFA
9:35 Loom
12:36 Feudal Age
13:39 Double-Bit Axe
14:48 Forging
20:24 Domestication
24:43 Castle Age
22:55 Fletching
28:04 Bodkin Arrow
30:17 Bow Saw
31:16 Elite Skirmisher
34:57 Padded Archer Armor
37:30 Ballistics
39:54 Wheelbarrow
39:06 Town Watch
40:46 Wheelbarrow
BP | ham.io
4:19 Loom
15:09 Feudal Age
15:45 Arson
19:15 Castle Age
17:52 Double-Bit Axe
23:18 Bow Saw
23:00 Stone Mining
25:37 Horse Collar
39:10 Imperial Age
38:58 Heavy Plow
41:31 Imperial Age
39:39 Wheelbarrow
39:59 Scale Barding Armor
40:04 Forging
41:31 Chain Barding Armor
41:46 Iron Casting
41:31 Chain Barding Armor
41:47 Iron Casting
41:34 Elite Monaspa
42:34 Conscription
42:53 Plate Barding Armor
45:09 Blast Furnace
44:14 Husbandry
44:36 Bloodlines
44:27 Husbandry
MANITAS DE TEMU
5:51 Loom
12:18 Feudal Age
14:30 Fletching
21:15 Castle Age
20:15 Padded Archer Armor
23:42 Town Watch
33:03 Bodkin Arrow
39:54 Imperial Age
BP | ZoldyckF
3:42 Loom
12:36 Feudal Age
13:49 Double-Bit Axe
15:13 Arson
17:32 Forging
36:21 Fletching
39:21 Castle Age
37:19 Gold Mining
37:54 Horse Collar
38:52 Scale Mail Armor
42:45 Squires
Connection lost

Rejoining the realm…

Still unreachable

The connection could not be restored.

Session expired

The server has moved on; the page needs a fresh start.